 Dungeon Crawl Stone Soup version 0.18-a0-1718-g40ea4b6 (webtiles) character file.

266 Geeful the Ruffian (level 6, -2/32 HPs)
             Began as a Vine Stalker Berserker on Apr 7, 2016.
             Was a Believer of Trog.
             Killed from afar by smazza's ghost (13 damage)
             ... with a flame tongue
             ... on level 4 of the Dungeon.
             The game lasted 00:07:16 (2992 turns).

Geeful the Ruffian (Vine Stalker Berserker)         Turns: 2992, Time: 00:07:17

Health: -2/32      AC:  3    Str: 21    XL:     6   Next: 20%
Magic:  0/7        EV: 13    Int:  7    God:    Trog [**....]
Gold:   151        SH:  0    Dex: 14    Spells: 0 memorised, 5 levels left

rFire  . . .     SeeInvis .       - Unarmed
rCold  . . .     Gourm    .     a - +0 animal skin
rNeg   . . .     Faith    .     (no shield)
rPois  .         Spirit   +     w - +0 helmet
rElec  .         Dismiss  .     (no cloak)
rCorr  .         Reflect  .     (no gloves)
SustAt .         Harm     .     (no boots)
MR     .....                    (no amulet)
Stlth  +.........               (no ring)
                                (no ring)

@: not resistant to hostile enchantments, very unstealthy
A: fangs 2, regeneration 2, magic shield, antimagic bite, no device heal 3, rot
immunity
a: Berserk, Trog's Hand, Burn Spellbooks, Renounce Religion


You were on level 4 of the Dungeon.
You worshipped Trog.
Trog was pleased with you.
You were not hungry.

You visited 1 branch of the dungeon, and saw 4 of its levels.

You collected 151 gold pieces.

Inventory:

Missiles
 m - 18 poisoned needles
Armour
 a - a +0 animal skin (worn)
 w - a +0 helmet (worn)
Wands
 v - a wand of teleportation (6/9)
Scrolls
 e - a scroll of fear
 j - a scroll of identify
 k - 2 scrolls of immolation
 n - a scroll of remove curse
 r - 2 scrolls of teleportation
 s - a scroll of enchant weapon {unknown}
 u - a scroll of magic mapping {unknown}
 y - a scroll of fog {unknown}
Potions
 c - a potion of brilliance
 d - a potion of cancellation
 g - 2 potions of mutation
 h - 2 potions of ambrosia {unknown}
 i - a potion of haste {unknown}
 o - a potion of curing {unknown}
 p - a potion of might {unknown}
 q - a potion of agility {unknown}
 t - a potion of resistance {unknown}
 z - a potion of lignification {unknown}
Comestibles
 b - a bread ration
 f - a beef jerky
 l - a slice of pizza
 x - 9 chunks of flesh


   Skills:
 + Level 3.4 Fighting
 + Level 2.8 Armour
 + Level 2.8 Dodging
 * Level 4.7 Unarmed Combat


You had 5 spell levels left.
You didn't know any spells.

Dungeon Overview and Level Annotations

Branches:
Dungeon (4/15)             Temple (0/1) D:4

Altars:
Gozag

Annotations:
D:4 smazza's ghost, amateur OpFE


Innate Abilities, Weirdness & Mutations

You have extremely sharp teeth.
You heal very quickly.
When hurt, damage is shared between your health and your magic reserves.
Your bite disrupts and absorbs the magic of your enemies.
Potions and wands cannot restore your health.
You are immune to rotting.


Message History

You drain its magic.
Smazza's ghost is moderately damaged.
Smazza's ghost barely misses you.
You barely miss smazza's ghost. Your bite misses smazza's ghost.
Smazza's ghost is moderately damaged.
Smazza's ghost hits you.
You hit smazza's ghost.
Smazza's ghost is moderately damaged.
Smazza's ghost falters for a moment.
You closely miss smazza's ghost.
You bite smazza's ghost, but do no damage.
Smazza's ghost is moderately damaged.
Smazza's ghost hits you!
You hit smazza's ghost. You bite smazza's ghost.
Smazza's ghost's magic leaks into the air.
You drain its magic.
You feel invigorated.
Smazza's ghost is severely damaged.
Smazza's ghost casts a spell at you. The flame tongue hits you!
You die...

....# ...... .... . ###
... .###.### ..# #
.......###########.+ ..#
...................#+#..#
....^...........@W.....#
........##########....##
........# #..........#
.......## ...........#
.......# ....W......#
......## ...........#
.....## ............
.....# ............#
....## ............#


You could see smazza's ghost.

Vanquished Creatures
  An ogre (D:4)
  An orc priest (D:4)
  A worker ant (D:4)
  7 adders
  An ooze (D:2)
  A giant gecko (D:4)
  5 orcs (D:4)
  9 bats
  2 giant cockroaches
  10 goblins
  10 hobgoblins
  7 kobolds
  A giant newt (D:3)
  4 rats
60 creatures vanquished.

Notes
Turn   | Place    | Note
--------------------------------------------------------------
     0 | D:1      | Geeful the Vine Stalker Berserker began the quest for the Orb.
     0 | D:1      | Reached XP level 1. HP: 11/11 MP: 2/2
   283 | D:1      | Reached XP level 2. HP: 12/16 MP: 3/3
   765 | D:1      | Reached XP level 3. HP: 19/19 MP: 4/4
  1141 | D:2      | Reached ** piety under Trog
  1176 | D:2      | Reached XP level 4. HP: 17/24 MP: 5/5
  1756 | D:3      | Found an opulent altar of Gozag.
  1763 | D:3      | Reached skill level 4 in Unarmed Combat
  2224 | D:3      | Reached XP level 5. HP: 25/28 MP: 4/6
  2797 | D:4      | Found a staircase to the Ecumenical Temple.
  2797 | D:4      | Noticed an ogre
  2804 | D:4      | Killed an ogre
  2804 | D:4      | Gained mutation: You heal very quickly. [Vine Stalker growth]
  2804 | D:4      | Reached XP level 6. HP: 23/32 MP: 7/7
  2978 | D:4      | Noticed smazza's ghost (amateur OpFE)
  2992 | D:4      | Killed from afar by smazza's ghost

Vault maps used:
D:1:      sevenhm_arrival_forest_fort_large_3
D:2:      minmay_distorted
D:3:      lemuel_statue_altar
D:4:      grunt_temple_overflow_open, minmay_temple_entry_statues_fountains,
          serial_shops, nicolae_shop_behind_doors, first_bread

Skill      XL: |  1  2  3  4 |
---------------+-------------+-----
Dodging        | 2 |  2.8
Armour         | 2 |  2.8
Fighting       | 3 |  3.4
Unarmed Combat | 4 |  4.7

Action                   |  1- 3 |  4- 6 || total
-------------------------+-------+-------++-------
Melee: Unarmed           |   113 |    86 ||   199
Invok: Berserk           |       |     1 ||     1
  Use: Scroll            |     3 |     5 ||     8
 Stab: Sleeping          |     1 |     2 ||     3
  Eat: Chunk             |     1 |     7 ||     8
